 Dungeon Crawl Stone Soup version 0.24.1-14-gf8d2b509d9 (webtiles) character file.

Game seed: 539426330712071066, levelgen mode: deterministic

187 Descartes the Charmwright (level 5, 0/22 HPs)
             Began as a Felid Skald on June 1, 2020.
             Killed by divine providence
             ... invoked by an orc priest
              (14 damage)
             ... on level 4 of the Dungeon.
             The game lasted 00:08:19 (4653 turns).

Descartes the Charmwright (Felid Skald)             Turns: 4653, Time: 00:08:19

Health: 0/22       AC:  1    Str:  8    XL:     5   Next: 39%
Magic:  10/10      EV: 19    Int: 14    God:
Gold:   124        SH:  5    Dex: 16    Spells: 6/9 levels left
                                        Lives:  0   Deaths: 1

rFire    . . .     SeeInvis +     - Unarmed
rCold    . . .     Gourm    .   (shield unavailable)
rNeg     . . .     Faith    .   (armour unavailable)
rPois    .         Spirit   .   (helmet unavailable)
rElec    .         Reflect  +   (cloak unavailable)
rCorr    .         Harm     .   (gloves unavailable)
MR       .....                  (boots unavailable)
Stlth    +++.......             f - +5 amulet of reflection
HPRegen  0.07/turn              (no ring)
MPRegen  0.12/turn              (no ring)

@: quick
A: very small, no armour, no weapons or thrown items, stealth, claws 1, fangs 3,
see invisible, carnivore, speed 1, shaggy fur 1, slow metabolism 1, sharp paws
a: no special abilities


You were on level 4 of the Dungeon.
You were completely stuffed.

You visited 1 branch of the dungeon, and saw 4 of its levels.

You collected 124 gold pieces.

Inventory:

Missiles
 c - 47 stones
 n - 36 arrows
Jewellery
 f - a +5 amulet of reflection (around neck)
 h - an uncursed ring of ice
Scrolls
 a - 2 scrolls of fog
 d - 3 scrolls of remove curse
 i - 2 scrolls of fear
 k - 2 scrolls of teleportation
 o - a scroll of immolation {unknown}
 p - a scroll of identify {unknown}
Potions
 g - 2 potions of curing {unknown}
 j - a potion of berserk rage {unknown}
 l - a potion of flight {unknown}
 m - a potion of brilliance {unknown}
Comestibles
 b - 6 rations


   Skills:
 + Level 2.3 Fighting
 + Level 4.0 Dodging
 * Level 4.0 Stealth
 * Level 3.8 Unarmed Combat
 + Level 2.7 Spellcasting
 + Level 4.5 Charms
 + Level 2.4 Translocations


You had 6 spell levels left.
You knew the following spells:

 Your Spells              Type           Power        Failure   Level  Hunger
a - Infusion              Chrm           ##..         3%          1    #......
b - Shroud of Golubria    Chrm/Tloc      ##....       8%          2    ###....

Your spell library contained the following spells:

 Spells                   Type           Power        Failure   Level  Hunger
 Song of Slaying          Chrm           ##......     5%          2    ###....
 Regeneration             Chrm/Necr      #.........   26%         3    ###....
 Spectral Weapon          Hex/Chrm       Unusable     N/A         3    N/A

Dungeon Overview and Level Annotations

Branches:
Dungeon (4/15)
 Temple: D:4-7

Altars:
Nemelex Xobeh


Innate Abilities, Weirdness & Mutations

You cannot wear armour.
You are incapable of wielding weapons or throwing items.
Your paws allow you to move quietly. (Stealth)
You have sharp claws.
You have razor-sharp teeth.
You have supernaturally acute eyesight. (SInv)
You are carnivorous and can eat meat at any time.
You cover ground quickly.
You are covered in fur. (AC +1)
You have a slow metabolism.
Your sharp claws are effective at attacking unaware monsters.


Message History

There is an open door here.
Things that are here:
a +0 robe; a +0 dagger
There is a stone staircase leading down, spattered with blood here.
You climb downwards.
There is a stone staircase leading up here.
The orc priest shouts!
The orc priest looks braver for a moment.
The orc priest hits you with a +0 club.
You barely miss the orc priest. You barely miss the orc priest.
The orc wizard shouts!
You bite the orc priest.
The orc priest is moderately wounded.
The orc priest invokes the aid of Beogh against you.
Pain shoots through your body!
The orc priest mumbles some strange prayers to Beogh against you.
Beogh smites you!
Ouch! That really hurt!
You die...

###
########....
####...<....#
.......@....#
####.....$?.#
#..o.o...#
............#
.###........#
#........#
.........#
#.#########
#.


You could see an orc priest and an orc wizard.

Vanquished Creatures
  A water moccasin zombie (D:3)
  2 hounds
  2 orc wizards (D:3)
  An iguana (D:4)
  2 adders (D:2)
  An ooze (D:1)
  3 worms
  A dart slug (D:1)
  3 leopard geckos
  7 orcs
  3 bats (D:2)
  2 giant cockroaches
  5 goblins
  9 hobgoblins
  7 jackals (D:1)
  5 kobolds (D:1)
  A quokka (D:4)
  A ball python (D:1)
  2 frilled lizards (D:2)
  5 rats
63 creatures vanquished.

Notes
Turn   | Place    | Note
-------+----------+-------------------------------------------
     0 | D:1      | Descartes the Felid Skald began the quest for the Orb.
     0 | D:1      | Reached XP level 1. HP: 9/9 MP: 4/4
   157 | D:1      | Reached skill level 1 in Stealth
   157 | D:1      | Reached XP level 2. HP: 13/13 MP: 6/6
   594 | D:1      | Learned a level 2 spell: Shroud of Golubria
  1135 | D:1      | Reached XP level 3. HP: 5/16 MP: 7/7
  1771 | D:2      | Reached skill level 1 in Translocations
  2208 | D:2      | Reached XP level 4. HP: 19/19 MP: 8/8
  2665 | D:3      | Found a sparkling altar of Nemelex Xobeh.
  2702 | D:3      | Reached XP level 5. HP: 11/22 MP: 9/9
  3451 | D:4      | HP: 1/22 [orc (4)]
  3941 | D:3      | Killed from afar by an orc wizard
  3942 | D:3      | Reached XP level 4. HP: -9/19 MP: 6/9
  4035 | D:3      | Reached XP level 5. HP: 4/22 MP: 10/10
  4323 | D:4      | Noticed an ogre
  4653 | D:4      | Killed from afar by an orc priest

Levels and vault maps discovered:
D:1:      mrwooster_arrival_arrow, layout_basic, serial_rivers,
          chequers_serial_rivers_room_a, chequers_serial_rivers_room_b,
          chequers_serial_rivers_micro_c, chequers_serial_rivers_room_a
D:2:      layout_basic
D:3:      layout_loops_corners, first_ration, nemelex_diamond_rough_becter
D:4:      layout_loops_ring, kennysheep_cross_bottleneck

Skill      XL: |  1  2  3  4  5 |
---------------+----------------+-----
Stealth        | 1 2 3 4 |  4.0
Charms         | 4 |  4.5
Translocations | 1 2 |  2.4
Unarmed Combat | 3 |  3.8
Dodging        | 4 |  4.0
Fighting       | |  2.3
Spellcasting   | |  2.7

Action                   |  1- 3 |  4- 6 || total
-------------------------+-------+-------++-------
Melee: Unarmed           |   146 |   133 ||   279
       Bite              |    16 |    15 ||    31
       Punch             |     2 |     4 ||     6
 Cast: Shroud of Golubri |     4 |     5 ||     9
  Use: Scroll            |     1 |     5 ||     6
 Stab: Sleeping          |     6 |     3 ||     9
  Eat: Chunk             |    10 |    11 ||    21
Armor: Skin              |     7 |     3 ||    10
Dodge: Dodged            |   100 |   116 ||   216
Block: Other             |    14 |    18 ||    32
       Reflection        |       |     1 ||     1
